 Dungeon Crawl Stone Soup version v1.0-4-gf91daec (webtiles) character file.

80 plsesad the Firebug (level 4, -7/24 HPs)
             Began as a Deep Elf Fire Elementalist on Feb 22, 2018.
             Mangled by a gnoll
             ... wielding a +0 halberd
              (14 damage)
             ... on level 2 of the Dungeon.
             The game lasted 00:02:40 (1321 turns).

plsesad the Firebug (Deep Elf Fire Elementalist)    Turns: 1321, Time: 00:02:41

Health: -7/24      AC:  3    Str:  5    XL:     4   Next: 18%
Magic:  1/11       EV:  7    Int: 21    God:
Gold:   91         SH:  0    Dex: 15    Spells: 6/10 levels left

rFire    . . .     SeeInvis .   m - +0 mace
rCold    . . .     Gourm    .   (no shield)
rNeg     . . .     Faith    .   a - +0 robe
rPois    .         Spirit   .   (no helmet)
rElec    .         Reflect  .   i - +0 cloak
rCorr    .         Harm     .   (no gloves)
MR       .....                  (no boots)
Stlth    ++........             (no amulet)
HPRegen  0.08/turn              (no ring)
MPRegen  0.12/turn              (no ring)

@: held
A: no striking features
a: no special abilities


You were on level 2 of the Dungeon.
You were very hungry.

You visited 1 branch of the dungeon, and saw 2 of its levels.

You collected 91 gold pieces.

Inventory:

Hand Weapons
 m - a +0 mace (weapon)
Armour
 a - a +0 robe (worn)
 i - a +0 cloak (worn)
Scrolls
 e - 2 scrolls of remove curse {unknown}
 f - a scroll of recharging {unknown}
 j - a scroll of random uselessness {unknown}
 k - a scroll of identify {unknown}
Potions
 d - 2 potions of flight {unknown}
 g - a potion of haste
 h - a potion of curing {unknown}
 l - a potion of cancellation {unknown}
Books
 b - a book of Flames

   Spells                             Type                      Level
   a - Flame Tongue                   Conjuration/Fire             1
   b - Throw Flame                    Conjuration/Fire             2
   c - Conjure Flame                  Conjuration/Fire             3
   d - Inner Flame                    Hexes/Fire                   3
   e - Sticky Flame                   Conjuration/Fire             4
   f - Fireball                       Conjuration/Fire             5
Comestibles
 c - 3 rations


   Skills:
 + Level 0.6 Fighting
 + Level 2.5 Dodging
 + Level 2.6 Stealth
 + Level 3.8 Spellcasting
 + Level 2.0 Conjurations
 + Level 4.5 Fire Magic


You had 6 spell levels left.
You knew the following spells:

 Your Spells              Type           Power        Failure   Level  Hunger
a - Flame Tongue          Conj/Fire      ###..        3%          1    None
c - Conjure Flame         Conj/Fire      ###.....     10%         3    ###....


Dungeon Overview and Level Annotations

Branches:
Dungeon (2/15)

Altars:

Annotations:
D:2 Terence


Message History

Aim: a doggy crab, wielding a club (moderately wounded)
The flame tongue hits the doggy crab.
The doggy crab is heavily wounded.
The doggy crab hits you with a club.
The doggy crab hits you from afar with a fighting claw!
Casting: Flame Tongue (safe; 3% risk of failure)
Confirm with . or Enter, or press ? or * to list all spells.
Aiming: Flame Tongue (safe; 3% risk of failure)
Press: ? - help, Shift-Dir - straight line, f/p - doggy crab
Aim: a doggy crab, wielding a club (heavily wounded)
The flame tongue hits the doggy crab.
The doggy crab is severely wounded.
The doggy crab hits you with a club.
* * * CRAB GONE DIE * * *
The doggy crab barely misses you.
You tear a large gash into the net.
The doggy crab barely misses you.
You struggle against the net.
The doggy crab hits you from afar with a fighting claw!
Ouch! That really hurt!
Your journey is over little crab

#........# #.########.#####.#
#........# #)########.#####.#
#........# #..........#.....#
##........ ############.#####
......... #.†...# .....#
#########.# .....# #.........#
....g################.#########
.....'.....gg@gg@....>..#
....g###.##########.#####
.....# #..# #.# ###### ##.##
#.# #..########'##
##########.##........# ...^...#
#.##........# .......#
#..#........# .......#
##.#...)....#


You could see Terence, 3 gnolls and a hobgoblin.

Vanquished Creatures
  Jessica (D:2)
  An adder (D:2)
  A dart slug (D:2)
  2 leopard geckos (D:1)
  A ball python (D:1)
  3 bats (D:2)
  A giant cockroach (D:2)
  8 goblins
  7 hobgoblins
  2 jackals (D:2)
  2 frilled lizards
  4 kobolds
  3 rats
36 creatures vanquished.

Notes
Turn   | Place    | Note
-------+----------+-------------------------------------------
     0 | D:1      | plsesad the Deep Elf Fire Elementalist began the quest for the Orb.
     0 | D:1      | Reached XP level 1. HP: 10/10 MP: 6/6
   260 | D:1      | Reached XP level 2. HP: 14/15 MP: 5/8
   753 | D:2      | Reached skill level 4 in Fire Magic
   857 | D:2      | Reached XP level 3. HP: 19/19 MP: 3/10
   974 | D:2      | Learned a level 3 spell: Conjure Flame
  1253 | D:2      | Noticed Jessica
  1261 | D:2      | Killed Jessica
  1261 | D:2      | Reached XP level 4. HP: 22/24 MP: 5/11
  1282 | D:2      | Noticed Terence
  1321 | D:2      | Mangled by a gnoll

Skill      XL: |  1  2  3 |
---------------+----------+-----
Fire Magic     | 4 |  4.5
Conjurations   | 2 |  2.0
Fighting       | |  0.6
Dodging        | |  2.5
Stealth        | |  2.6
Spellcasting   | |  3.8

Action                   |  1- 3 |  4- 6 || total
-------------------------+-------+-------++-------
 Cast: Flame Tongue      |    60 |    13 ||    73
Armor: Robe              |     4 |    10 ||    14
Dodge: Dodged            |    10 |    35 ||    45
